 Dungeon Crawl Stone Soup version 0.21.1-1-g345015f (webtiles) character file.

2 prawnwizard the Insei (level 1, -1/13 HPs)
             Began as an Octopode Transmuter on July 23, 2018.
             Slain by a jackal (2 damage)
             ... on level 1 of the Dungeon.
             The game lasted 00:00:17 (77 turns).

prawnwizard the Insei (Octopode Transmuter)           Turns: 77, Time: 00:00:17

Health: -1/13      AC:  1    Str:  9    XL:     1   Next: 30%
Magic:  2/3        EV: 13    Int: 15    God:
Gold:   6          SH:  0    Dex: 12    Spells: 3/4 levels left

rFire    . . .     SeeInvis .     - Unarmed
rCold    . . .     Gourm    .   (no shield)
rNeg     . . .     Faith    .   (helmet restricted)
rPois    .         Spirit   .   (no amulet)
rElec    .         Reflect  .   (no ring)
rCorr    .         Harm     .   (no ring)
MR       .....                  (no ring)
Stlth    ++........             (no ring)
HPRegen  0.04/turn              (no ring)
MPRegen  0.08/turn              (no ring)
                                (no ring)
                                (no ring)

@: very slightly contaminated
A: almost no armour, stealthy swim, amphibious, 8 rings, constrict 8, camouflage
1, gelatinous body 1
a: no special abilities


You were on level 1 of the Dungeon.
You were not hungry.

You visited 1 branch of the dungeon, and saw 1 of its levels.

You collected 6 gold pieces.

Inventory:

Missiles
 a - 12 arrows
Scrolls
 d - a scroll of fog {unknown}
 e - a scroll of identify {unknown}
Books
 b - a book of Changes

   Spells                             Type                      Level
   a - Beastly Appendage              Transmutation                1
   b - Sticks to Snakes               Transmutation                2
   c - Spider Form                    Transmutation/Poison         3
   d - Ice Form                       Ice/Transmutation            4
   e - Blade Hands                    Transmutation                5
Comestibles
 c - a ration


   Skills:
 - Level 1.0 Fighting
 + Level 2.0 Dodging
 * Level 3.0 Unarmed Combat
 + Level 2.0 Spellcasting
 + Level 2.0 Transmutations


You had 3 spell levels left.
You knew the following spells:

 Your Spells              Type           Power        Failure   Level  Hunger
a - Beastly Appendage     Tmut           #.....       10%         1    #......


Dungeon Overview and Level Annotations

Branches:
Dungeon (1/15)

Altars:


Innate Abilities, Weirdness & Mutations

You cannot wear most types of armour.
You are very stealthy in the water. (Stealth+)
You are amphibious.
You can wear up to eight rings at the same time.
You can use your tentacles to constrict eight enemies at once.
Your skin changes colour to match your surroundings (Stealth+).
Your rubbery body absorbs attacks. (AC +1, EV +1)


Message History

The giant cockroach completely misses you.
The bat escapes!
The bat hits you. The jackal barely misses you. The jackal misses you.
Casting: Beastly Appendage
Confirm with . or Enter, or press ? or * to list all spells.
You miscast Beastly Appendage.
You are very lightly contaminated with residual magic.
Your skin glows momentarily.
The bat hits you but does no damage. The giant cockroach barely misses you.
The jackal closely misses you. The jackal bites you.
A kobold comes into view. It is wielding a dagger.
You tentacle-slap the jackal. You grab the jackal.
The jackal is heavily wounded.
You constrict the jackal, but do no damage.
The bat hits you but does no damage. The giant cockroach closely misses you.
The jackal bites you. x2
* * * LOW HITPOINT WARNING * * *
The jackal closely misses you. The giant cockroach barely misses you.
The jackal bites you.
You die...

....#. ..... >...#
...!### ....... ####
#######K......
#.....##......†......
#.....##..bhhh.......
#.....##....@s.......
#....................
#....................
#....................
.##........#########.##
.....................#
.####......###..######
#.......# ##.#
#.......####'###


You could see 3 jackals, a giant cockroach, a bat and a kobold.

Vanquished Creatures
  A jackal (D:1)
  A bat (D:1)
2 creatures vanquished.

Notes
Turn   | Place    | Note
-------+----------+-------------------------------------------
     0 | D:1      | prawnwizard the Octopode Transmuter began the quest for the Orb.
     0 | D:1      | Reached XP level 1. HP: 13/13 MP: 3/3
     2 | D:1      | Noticed a draconian
     2 | D:1      | Noticed a halfling
     5 | D:1      | Noticed a tengu
     5 | D:1      | Noticed a gargoyle
     7 | D:1      | Noticed a troll
     7 | D:1      | Noticed a vine stalker
     9 | D:1      | Noticed a ghoul
     9 | D:1      | Noticed a formicid
    11 | D:1      | Noticed a demonspawn
    11 | D:1      | Noticed a spriggan
    13 | D:1      | Noticed a felid
    13 | D:1      | Noticed a demigod
    15 | D:1      | Noticed a centaur
    17 | D:1      | Noticed a human
    17 | D:1      | Noticed a merfolk
    19 | D:1      | Noticed an ogre
    21 | D:1      | Noticed an elf
    21 | D:1      | Noticed a naga
    23 | D:1      | Noticed a vampire
    23 | D:1      | Noticed an octopode
    25 | D:1      | Noticed a minotaur
    27 | D:1      | Noticed a dwarf
    77 | D:1      | Slain by a jackal

Action                   || total
-------------------------++-------
Melee: Unarmed           ||    13
       Constrict         ||     7
       Tentacles         ||     1
Armor: Skin              ||     5
Dodge: Dodged            ||    22
